Unix NetHack Version 3.7.0-94 Work-in-progress - last build Dec 18 2023 00:11:04 (7e3deff068b9ef4f2ebb9a71ea0f5c4a3b578a14,branch:master). Game began 2023-12-31 17:56:13, ended 2023-12-31 18:33:02. playerb, chaotic male orcish Wizard @ llllllll llllllll llllllll llllllll llllllll h Playerb the Conjurer St:10 Dx:17 Co:16 In:16 Wi:9 Ch:10 Chaotic S:1734 Dlvl:10 $:482 HP:0(35) Pw:8(25) AC:8 Xp:5/198 T:2980 Hungry Blind Latest messages: The spell hits the wolf! You kill the wolf! The kitten eats a wolf corpse. You swap places with your kitten. You swap places with your kitten. You hear the chime of a cash register. In what direction? y The spell hits the wolf! The wolf bites! What do you want to zap? [csB or ?*] s In what direction? > You dig a hole through the ground. You fall through... Wizard, your life force is running out. You see here an orange potion. You learn more about your items by comparing them. p - an uncursed orange potion (2 in total). You see here a food ration. N - a food ration. Pick an object. In what direction? h The spell misses the dust vortex. The dust vortex engulfs you! You can't see in here! You hit the dust vortex. You get expelled! It hits! It knocks you backward with a powerful strike! You are beginning to feel hungry. It engulfs you! You get expelled! Wait! There's something there you can't see! It engulfs you! You hit the dust vortex. You hit the dust vortex. You hit the dust vortex. You hit the dust vortex. You get expelled! It hits! It engulfs you! You hit the dust vortex. You hit the dust vortex. You get expelled! It hits! What do you want to zap? [csB or ?*] s In what direction? > You dig a hole through the floor. You fall through... You die... Do you want your possessions identified? [ynq] (y) q Inventory: Coins $ - 482 gold pieces Weapons K - 10 +0 shuriken a - a +0 dagger (weapon in right hand) J - a +0 orcish dagger b - a blessed +1 quarterstaff (alternate weapon; not wielded) G - the +0 Vorpal Blade Armor H - an uncursed +0 pair of kicking boots (being worn) I - an uncursed +0 cloak of magic resistance (being worn) M - an uncursed +0 oilskin cloak Comestibles N - an uncursed food ration Scrolls j - 2 uncursed scrolls of destroy armor i - a blessed scroll of identify k - an uncursed scroll of identify q - 3 uncursed scrolls of light A - an uncursed scroll of punishment D - an uncursed scroll of teleportation Spellbooks v - an uncursed spellbook of chain lightning Potions h - an uncursed potion of confusion F - 2 uncursed potions of enlightenment f - an uncursed potion of fruit juice o - a blessed potion of object detection w - an uncursed potion of paralysis p - 2 uncursed potions of restore ability E - an uncursed potion of sickness g - an uncursed potion of water Rings u - an uncursed +1 ring of protection e - an uncursed ring of see invisible Wands B - a wand of cancellation (0:4) s - a wand of digging (0:4) c - a wand of slow monster (0:8) Tools d - an uncursed blindfold n - a magic marker (0:21) Gems/Stones t - an uncursed obsidian stone L - an uncursed worthless piece of white glass Playerb the Wizard's attributes: Background: You were a Conjurer, a level 5 male orcish Wizard. You were chaotic, on a mission for Anhur who was opposed by Ptah (lawful) and Thoth (neutral). You were right-handed. You were in the Dungeons of Doom, on level 10. You entered the dungeon 2980 turns ago. You had 198 experience points, 122 more were needed to attain level 6. Your score was 1734 before end-of-game adjustments. Basics: You had 0 out of 35 hit points. You had 8 out of 25 energy points (spell power). Your armor class was 8. Your wallet contained 482 zorkmids. Autopickup was off. Final Characteristics: Your strength was 10 (limit:18/50). Your dexterity was 17 (limit:18). Your constitution was 16 (limit:18). Your intelligence was 16 (limit:16). Your wisdom was 9 (limit:16). Your charisma was 10 (limit:16). Final Status: You were temporarily blind. You were hungry. You were unencumbered. You were wielding a dagger. You were unskilled in dagger. Final Attributes: You were piously aligned. You were magic-protected. You were poison resistant. You were telepathic. You had infravision. You were warded. You are dead. Miscellaneous: You never encountered a bones level. Total elapsed playing time was 36 minutes and 48 seconds. Major events: Turn 1: playerb the chaotic male orcish Wizard entered the dungeon 593: entered the Gnomish Mines 1360: attained the rank of Conjurer (level 3) 2081: found Vorpal Blade on the floor 2980: killed by falling down a mine shaft Vanquished creatures: a wolf a leprechaun a shrieker a gray ooze 3 floating eyes a monkey 2 orc zombies 4 iguanas a coyote a gas spore a hobgoblin 3 giant rats 2 cave spiders a gnome 4 garter snakes 3 geckos a jackal 3 foxes 3 kobolds a goblin 2 sewer rats a grid bug a bat a lichen a kobold zombie 44 creatures vanquished. No species were genocided or became extinct. Voluntary challenges: You read items or engraved 4 times. You engraved Elbereth 2 times. You never genocided any monsters. You never polymorphed an object. You never changed form. You used no wishes. Achievements: You entered the Gnomish Mines. You entered a shop. You attained the rank of Conjurer. The Dungeons of Doom: levels 1 to 10 Level 1: Some fountains. Level 2: Level 3: A sink. Stairs down to The Gnomish Mines. Level 4: A scroll shop, an altar. Level 5: A fountain. Level 6: A fountain. Level 7: A fountain. Level 8: A weapon shop, a fountain. Level 9: Level 10: <- You were here. Final resting place for you, killed by falling down a mine shaft. The Gnomish Mines: Level 4: Game over: ---------- / \ / REST \ / IN \ / PEACE \ / \ | playerb | | 482 Au | | killed by | | falling down a | | mine shaft | | | | 2023 | *| * * * | * _________)/\\_//(\/(/\)/\//\/|_)_______ Goodbye playerb the Wizard... You died in The Dungeons of Doom on dungeon level 10 with 1686 points, and 482 pieces of gold, after 2980 moves. You were level 5 with a maximum of 35 hit points when you died.